 Dungeon Crawl Stone Soup version 0.29.1-12-g30fa7ad0bf (webtiles) character file.

Game seed: 14282307748388366184

111 JacoesBerries the Conjurer (level 4, -2/24 HPs)
             Began as a Deep Elf Conjurer on Jan 17, 2023.
             Killed by nerve-wracking pain
             ... invoked by Grinder
              (13 damage)
             ... on level 3 of the Dungeon.
             The game lasted 00:04:05 (1759 turns).

JacoesBerries the Conjurer (Deep Elf Conjurer)      Turns: 1759, Time: 00:04:07

Health: -2/24      AC:  2    Str:  4    XL:     4   Next: 62%
Magic:  3/11       EV: 12    Int: 25    God:
Gold:   12         SH:  0    Dex: 13    Spells: 3/10 levels left

rFire   . . .      SeeInvis .   m - +0 quarterstaff
rCold   . . .      Faith    .   (shield currently unavailable)
rNeg    . . .      Spirit   .   a - +0 robe
rPois   .          Reflect  .   (no helmet)
rElec   .          Harm     .   (no cloak)
rCorr   .          Rampage  .   (no gloves)
Will    .....                   (no boots)
Stlth   ++........              (no amulet)
HPRegen 0.08/turn               (no ring)
MPRegen 0.12/turn               (no ring)

@: very slightly contaminated
A: no striking features
a: no special abilities


You were on level 3 of the Dungeon.
You visited 1 branch of the dungeon, and saw 3 of its levels.

You collected 139 gold pieces.
You spent 127 gold pieces at shops.

Inventory:

Hand Weapons
 m - a +0 quarterstaff (weapon)
Armour
 a - a +0 robe (worn)
Scrolls
 j - 2 scrolls of fear
 l - a scroll of noise {unknown}
Potions
 c - 3 potions of heal wounds
 d - a potion of flight {unknown}
 e - a potion of brilliance {unknown}
 f - a potion of ambrosia {unknown}
 g - a potion of mutation {unknown}
 h - 2 potions of lignification
 k - 2 potions of curing


   Skills:
 + Level 0.1 Staves
 + Level 2.9 Dodging
 + Level 3.4 Stealth
 + Level 3.8 Spellcasting
 + Level 5.8 Conjurations


You had 3 spell levels left.
You knew the following spells:

 Your Spells              Type           Power      Damage    Failure   Level
a - Magic Dart            Conj           100%       1d8       1%          1
b - Searing Ray           Conj           66%        2d6       1%          2
c - Iskenderun's Mystic   Conj/Tloc      19%        2d6       28%         4

Your spell library contained the following spells:

 Spells                   Type           Power      Damage    Failure   Level
 Dazzling Flash           Conj/Hex       38%        N/A       9%          3
 Fulminant Prism          Conj/Hex       9%         3d7       28%         4


Dungeon Overview and Level Annotations

Branches:
Dungeon (3/15)

Altars:

Shops:
D:2 [**=*

Annotations:
D:3 Grinder


Message History

Confirm with . or Enter, or press ? or * to list all spells.
The spell is astonishingly dangerous to miscast (28% risk of failure)!
Continue anyway?
You erupt in a blast of force!
The mystic blast hits Grinder.
Grinder is severely wounded.
Grinder is knocked back by the mystic blast.
Casting: Iskenderun's Mystic Blast (astonishingly dangerous; 28% risk of failure)
Confirm with . or Enter, or press ? or * to list all spells.
Aiming: Searing Ray (safe; 1% risk of failure)
Press: ? - help, Shift-Dir - straight line, f/p - Grinder
Aim: Grinder (severely wounded, 78% to hit)
The searing ray hits Grinder.
Grinder is severely wounded. (Press . to maintain the ray.) Grinder blinks!
You start resting.
Grinder is nearby!
Casting: Searing Ray (safe; 1% risk of failure)
Confirm with . or Enter, or press ? or * to list all spells.
Aiming: Magic Dart (safe; 1% risk of failure)
Press: ? - help, Shift-Dir - straight line, f/p - Grinder
Aim: Grinder (severely wounded, 100% to hit)
The magic dart hits Grinder.
Grinder is severely wounded.
Magic courses through your body.
Casting: Magic Dart (safe; 1% risk of failure)
Confirm with . or Enter, or press ? or * to list all spells.
The spell is astonishingly dangerous to miscast (28% risk of failure)!
Continue anyway?
You miscast Iskenderun's Mystic Blast.
You are very lightly contaminated with residual magic.
Sparks fly from your hands!
Grinder drinks a potion.
Grinder is healed!
Casting: Iskenderun's Mystic Blast (astonishingly dangerous; 28% risk of failure)
Confirm with . or Enter, or press ? or * to list all spells.
The spell is astonishingly dangerous to miscast (28% risk of failure)!
Continue anyway?
You erupt in a blast of force!
The mystic blast hits Grinder!
Grinder is severely wounded.
Grinder is knocked back by the mystic blast.
Grinder gestures at you. Pain shoots through your body!
Ouch! That really hurt!
You die...

#.####.#.# ####.
#...#.# ##...
#####.# ...#
#.....# ###..#
#)##### #.#..# #.#
.## #.#..####.#
.....#....#....#
...5..=@....####
.###...............
#...........#.##
#........#...[#
######+#)###### #.#
#.. #..#


You could see Grinder.

Vanquished Creatures
  A necrophage (D:3)
  2 adders (D:2)
  A dart slug (D:2)
  3 ball pythons
  5 bats
  An endoplasm (D:2)
  A giant cockroach (D:2)
  A goblin (D:3)
  3 hobgoblins
  2 kobolds
  2 quokkas
  3 frilled lizards
  4 rats
29 creatures vanquished.

Notes
Turn   | Place    | Note
-------+----------+-------------------------------------------
     0 | D:1      | JacoesBerries the Deep Elf Conjurer began the quest for the
                  | Orb.
     0 | D:1      | Reached XP level 1. HP: 10/10 MP: 6/6
   326 | D:1      | Found a faded altar of an unknown god.
   600 | D:1      | Reached XP level 2. HP: 15/15 MP: 6/8
  1025 | D:2      | Found Koithrut's General Store.
  1037 | D:2      | Reached skill level 5 in Conjurations
  1037 | D:2      | Reached XP level 3. HP: 19/19 MP: 5/9
  1074 | D:2      | Bought a potion of curing for 33 gold pieces
  1074 | D:2      | Bought a scroll of identify for 22 gold pieces
  1140 | D:2      | Found Giyly's Jewellery Shop.
  1261 | D:2      | Found Nokoenau's General Store.
  1279 | D:2      | Found Pimawec's Armour Shoppe.
  1436 | D:2      | Found Pinarhud's Assorted Antiques.
  1439 | D:2      | Bought a quarterstaff for 72 gold pieces
  1456 | D:3      | Noticed a necrophage
  1466 | D:3      | Killed a necrophage
  1467 | D:3      | Reached XP level 4. HP: 17/24 MP: 3/11
  1647 | D:3      | Learned a level 2 spell: Searing Ray
  1652 | D:3      | Learned a level 4 spell: Iskenderun's Mystic Blast
  1744 | D:3      | Noticed Grinder
  1759 | D:3      | Killed from afar by Grinder

Illustrated notes

Levels and vault maps discovered:
D:1:      minmay_arrival_three_doors, layout_basic, basic_ecumenical_altar,
          moated_statue, st_stairs_2
D:2:      layout_rooms, serial_shops, nicolae_shop_crystal, shop_statue,
          shop_statue, nicolae_shop_stone, shop
D:3:      layout_basic, mainiacjoe_overflow_surrounded_room,
          kennysheep_nondescript, minmay_joined_circles, uniq_grinder

Skill      XL: |  1  2  3 |
---------------+----------+-----
Conjurations   | 5 |  5.8
Stealth        | 3 |  3.4
Staves         | |  0.1
Dodging        | |  2.9
Spellcasting   | |  3.8

Action                   |  1- 3 |  4- 6 || total
-------------------------+-------+-------++-------
Melee: Quarterstaff      |     2 |       ||     2
 Cast: Magic Dart        |    43 |     3 ||    46
       Iskenderun's Myst |       |     2 ||     2
       Searing Ray       |       |     2 ||     2
  Use: Scroll            |     3 |       ||     3
       Potion            |       |     1 ||     1
 Stab: Sleeping          |     1 |       ||     1
Armor: Robe              |     1 |       ||     1
Dodge: Dodged            |     4 |       ||     4
